 Dungeon Crawl Stone Soup version 0.20.1-1-g8b1a95d (webtiles) character file.

98 Thjof the Skirmisher (level 4, 37/37 HPs)
             Began as a Barachi Fighter on Oct 31, 2017.
             Was an Initiate of Ashenzari.
             Quit the game on level 2 of the Dungeon.
             The game lasted 00:22:56 (1546 turns).

Thjof the Skirmisher (Barachi Fighter)              Turns: 1546, Time: 00:22:57

Health: 37/37      AC:  9    Str: 17    XL:     4   Next: 69%
Magic:  4/4        EV:  5    Int:  8    God:    Ashenzari [......]
Gold:   68         SH:  9    Dex: 13    Spells: 3/3 levels left

rFire    . . .     SeeInvis .   a - +0 war axe
rCold    . . .     Gourm    .   B - +0 shield
rNeg     . . .     Faith    .   M - +0 chain mail (curse)
rPois    .         Spirit   .   (no helmet)
rElec    .         Reflect  .   (no cloak)
rCorr    .         Harm     .   (no gloves)
MR       .....                  (no boots)
Stlth    ..........             (no amulet)
Regen    0.2/turn               (no ring)
MPRegen  0.1/turn               (no ring)

@: slow
A: +LOS, swims, slowness 1, strong legs 1
a: Hop, Curse Item, Renounce Religion


You were on level 2 of the Dungeon.
You worshipped Ashenzari.
Ashenzari was noncommittal.
You were not hungry.

You visited 1 branch of the dungeon, and saw 3 of its levels.

You collected 68 gold pieces.

Inventory:

Hand Weapons
 a - a +0 war axe (weapon)
 b - a +0 hunting sling
 c - a +0 hand axe
 e - a +0 dagger
 l - a +0 club
 p - a cursed -1 flail
 q - a +0 spear
 r - a +0 whip
 v - a +0 dagger
 A - a +0 club
 D - a +0 dagger
 E - a +0 club
 H - a +0 short sword
 I - a +0 spear
 J - a +0 club
 K - a +0 dagger
Missiles
 h - 19 sling bullets
 s - 9 poisoned needles
 y - 44 arrows
 z - 42 stones
 L - 4 tomahawks (quivered)
Armour
 g - a +0 robe
 m - a +0 scale mail
 B - a +0 shield (worn)
 M - a cursed +0 chain mail (worn)
Scrolls
 i - 2 scrolls of identify {unknown}
 o - 2 scrolls of amnesia {unknown}
 t - 2 scrolls of fear {unknown}
 x - 2 scrolls of teleportation {unknown}
Potions
 d - 2 potions of might
 k - a potion of resistance {unknown}
 n - a potion of cancellation {unknown}
 u - 2 potions of agility {unknown}
 G - 2 potions of heal wounds {unknown}
Comestibles
 f - a bread ration
 j - a royal jelly
 C - 2 chunks of flesh
 F - a meat ration


   Skills:
 + Level 4.1 Fighting
 + Level 3.7 Axes
 + Level 3.8 Armour
 + Level 0.9 Dodging
 + Level 4.1 Shields


You had 3 spell levels left.
You didn't know any spells.

Dungeon Overview and Level Annotations

Branches:
Dungeon (3/15)

Altars:
Ashenzari
Dithmenos
Nemelex Xobeh
Trog
Vehumet


Innate Abilities, Weirdness & Mutations

Shadows flee at your approach. (+LOS)
You can swim through water.
You cover ground slowly.
You can hop short distances.


Message History

r - an uncursed whip;
v - an uncursed dagger;
A - an uncursed club
D - an uncursed dagger;
E - an uncursed club;
H - an uncursed short sword
I - an uncursed spear;
J - an uncursed club;
K - an uncursed dagger You can now curse your items.
None of your equipped items are cursed.
Curse which item? (1 remove curse scroll left) (Esc to abort) (? for menu, Esc to quit)
Your +0 chain mail glows black for a moment.
g - a +0 robe Unknown command.
Press < or > to pray at altars.
Unknown command.
Press < or > to pray at altars.
Your movement speed is slow.
Your attack speed is quite slow (and is slowed by your insufficient shield skill).
Are you sure you want to abandon this character and quit the game? (Confirm with "yes".)
Okay, then.
Welcome back, Thjof the Barachi Fighter.
Ashenzari says: Partake of my vision.
Partake of my curse.
Press ? for a list of commands and other information.
Are you sure you want to abandon this character and quit the game? (Confirm with "yes".)

...............................>#
###################.#########.#.#
.....## ### #.# #.#.#
####..#######.### #.# #.#.#
.8÷8.........##_###.# #.#.#
......########...#### #.#.#
..÷...# ##.........## #.#..
......####..##...##..### #.###
......##_..###_.@###.._# #.#..
......####..#######..### #.#.#
.8.8..# ##.........## #....
####### #####.##### ###.# ######
#+###.# #.# #....# ######..##.#
#.# #....# #.......##.# #..
#....# #.......##.# ###
###....###........#.#


There were no monsters in sight!

Vanquished Creatures
  3 gnolls (D:2)
  An adder (D:2)
  2 oozes (D:1)
  A worm (D:1)
  A dart slug (D:2)
  2 leopard geckos (D:1)
  2 ball pythons
  2 giant cockroaches
  7 goblins
  3 hobgoblins (D:2)
  2 jackals (D:1)
  4 kobolds
  8 bats
  6 frilled lizards
  2 rats (D:2)
46 creatures vanquished.

Notes
Turn   | Place    | Note
-------+----------+-------------------------------------------
     0 | D:1      | Thjof the Barachi Fighter began the quest for the Orb.
     0 | D:1      | Reached XP level 1. HP: 18/18 MP: 1/1
   155 | D:1      | Reached XP level 2. HP: 25/25 MP: 2/2
   557 | D:1      | Reached XP level 3. HP: 28/30 MP: 3/3
   724 | D:2      | Reached XP level 4. HP: 14/37 MP: 4/4
  1507 | D:2      | Found a radiant altar of Vehumet.
  1507 | D:2      | Found a sparkling altar of Nemelex Xobeh.
  1513 | D:2      | Found a bloodstained altar of Trog.
  1518 | D:2      | Found a shadowy altar of Dithmenos.
  1520 | D:2      | Found a shattered altar of Ashenzari.
  1544 | D:2      | Became a worshipper of Ashenzari the Shackled
  1546 | D:2      | Quit the game

Skill      XL: |  1  2  3  4 |
---------------+-------------+-----
Axes           | 3 |  3.7
Shields        | 4 |  4.1
Fighting       | 4 |  4.1
Armour         | |  3.8
Dodging        | |  0.9

Action                   |  1- 3 |  4- 6 || total
-------------------------+-------+-------++-------
Melee: War axe           |   101 |    59 ||   160
       Hand axe          |       |     3 ||     3
 Fire: Hunting sling     |       |     2 ||     2
Throw: Stone             |       |     3 ||     3
Invok: Curse Item        |       |     1 ||     1
  Eat: Chunk             |       |     3 ||     3
Armor: Scale mail        |    45 |    35 ||    80
       Chain mail        |       |     1 ||     1
Dodge: Dodged            |    35 |    21 ||    56
Block: Shield            |    60 |    29 ||    89
